 Dungeon Crawl Stone Soup version 0.18-a0-1804-g0930707 (webtiles) character file.

388 Kenran the Conjurer (level 6, -4/32 HPs)
             Began as a Deep Elf Conjurer on Apr 25, 2016.
             Slain by an ogre
             ... wielding a +0 giant club
              (14 damage)
             ... on level 5 of the Dungeon.
             The game lasted 00:21:23 (3986 turns).

Kenran the Conjurer (Deep Elf Conjurer)             Turns: 3986, Time: 00:21:23

Health: -4/32      AC:  4    Str:  5    XL:     6   Next: 49%
Magic:  0/17       EV: 13    Int: 22    God:
Gold:   255        SH:  0    Dex: 15    Spells: 2 memorised, 13 levels left

rFire  . . .     SeeInvis .     (no weapon)
rCold  . . .     Gourm    .     a - +0 robe
rNeg   . . .     Faith    .     (no shield)
rPois  .         Spirit   .     (no helmet)
rElec  .         Dismiss  .     t - +0 cloak
rCorr  .         Reflect  .     w - +0 pair of gloves
SustAt .         Harm     .     (no boots)
MR     .....                    (no amulet)
Stlth  ++........               (no ring)
                                (no ring)

@: not resistant to hostile enchantments, unstealthy
A: no striking features
a: no special abilities


You were on level 5 of the Dungeon.
You were hungry.

You visited 1 branch of the dungeon, and saw 5 of its levels.

You collected 255 gold pieces.

Inventory:

Armour
 a - a +0 robe (worn)
 t - a +0 cloak (worn)
 w - a +0 pair of gloves (worn)
Jewellery
 s - an uncursed ring of protection from fire {unknown}
Scrolls
 d - 4 scrolls of teleportation {unknown}
 g - 7 scrolls of identify {unknown}
 n - 3 scrolls of enchant weapon {unknown}
 o - a scroll of remove curse {unknown}
 p - a scroll of random uselessness {unknown}
 q - a scroll of enchant armour {unknown}
 u - a scroll of recharging {unknown}
 y - a scroll of immolation {unknown}
 A - a scroll of amnesia {unknown}
Potions
 e - 4 potions of heal wounds {unknown}
 f - a potion of lignification {unknown}
 h - a potion of agility {unknown}
 j - a potion of cure mutation {unknown}
 k - a potion of brilliance {unknown}
 l - a potion of cancellation {unknown}
 m - 2 potions of flight {unknown}
 v - a potion of might {unknown}
 x - a potion of beneficial mutation {unknown}
 z - a potion of magic {unknown}
Books
 b - a book of Conjurations

   Spells                             Type                      Level
   a - Magic Dart                     Conjuration                  1
   b - Searing Ray                    Conjuration                  2
   c - Dazzling Spray                 Conjuration/Hexes            3
   d - Fulminant Prism                Conjuration/Hexes            4
   e - Iskenderun's Mystic Blast      Conjuration                  4
   f - Iskenderun's Battlesphere      Conjuration/Charms           5
Comestibles
 c - 2 bread rations
 i - 3 meat rations
 r - 3 beef jerkies


   Skills:
 - Level 2.4 Dodging
 - Level 2.4 Stealth
 - Level 6.0 Spellcasting
 + Level 7.4 Conjurations


You had 13 spell levels left.
You knew the following spells:

 Your Spells              Type           Power        Failure   Level  Hunger
a - Magic Dart            Conj           ####         1%          1    None
b - Dazzling Spray        Conj/Hex       ###.....     8%          3    #......


Dungeon Overview and Level Annotations

Branches:
Dungeon (5/15)
 Temple: D:4-7

Altars:
Ashenzari
Cheibriados
Fedhas
Makhleb
Xom
Yredelemnul
The Shining One

Shops:
D:5 }

Annotations:
D:4 Eustachio, Pikel


Message History

You kill the orc!
Casting: Magic Dart
Confirm with . or Enter, or press ? or * to list all spells.
Aiming: Magic Dart
Press: ? - help, Shift-Dir - straight line, f - adder
Aim: an adder The magic dart hits the adder.
The adder is heavily wounded.
An ogre comes into view. It is wielding a giant club.
The ogre shouts!
The adder bites you.
Casting: Magic Dart
Confirm with . or Enter, or press ? or * to list all spells.
Aiming: Magic Dart
Press: ? - help, Shift-Dir - straight line, f/p - adder
Aim: an adder (heavily wounded)
The magic dart hits the adder.
You kill the adder!
The ogre hits you with a giant club!
You die...

... # #.. S## #.#
#o## #.# ##.### #.#
#.).# #.# ##.#(#
#######O#
#.##(######.....@.#
.###.)......#######
## ##########


You could see an ogre.

Vanquished Creatures
  A crimson imp (D:5)
  An orc priest (D:5)
  2 hounds
  3 orc wizards
  An iguana (D:4)
  7 adders
  An ooze (D:3)
  An adder zombie (D:5)
  A dart slug (D:2)
  6 giant geckos
  10 orcs
  2 giant cockroaches (D:2)
  10 hobgoblins
  2 jackals (D:1)
  2 quokkas (D:2)
  A ball python (D:2)
  5 bats
  4 giant newts
  7 goblins
  6 kobolds
  5 rats
78 creatures vanquished.

Notes
Turn   | Place    | Note
--------------------------------------------------------------
     0 | D:1      | Kenran the Deep Elf Conjurer began the quest for the Orb.
     0 | D:1      | Reached XP level 1. HP: 10/10 MP: 6/6
   353 | D:1      | Reached XP level 2. HP: 15/15 MP: 6/8
   932 | D:2      | Reached skill level 5 in Conjurations
   932 | D:2      | Reached XP level 3. HP: 19/19 MP: 4/10
  1188 | D:2      | Found a blossoming altar of Fedhas.
  1640 | D:2      | Reached skill level 5 in Spellcasting
  1693 | D:2      | Found a glowing golden altar of the Shining One.
  1909 | D:2      | Reached XP level 4. HP: 24/24 MP: 10/13
  2094 | D:3      | Found a shimmering altar of Xom.
  2144 | D:3      | Found a snail-covered altar of Cheibriados.
  2194 | D:3      | Found a faded altar to an unknown god.
  2381 | D:3      | Found a burning altar of Makhleb.
  2387 | D:3      | Reached XP level 5. HP: 15/28 MP: 8/15
  2621 | D:3      | Found a basalt altar of Yredelemnul.
  2645 | D:3      | Found a shattered altar of Ashenzari.
  3127 | D:4      | Reached skill level 6 in Conjurations
  3173 | D:4      | Learned a level 3 spell: Dazzling Spray
  3429 | D:4      | Noticed Eustachio
  3663 | D:4      | Noticed a slave
  3667 | D:4      | Noticed Pikel
  3670 | D:4      | Noticed a slave
  3672 | D:4      | Noticed a slave
  3672 | D:5      | Entered Level 5 of the Dungeon
  3675 | D:5      | Reached XP level 6. HP: 32/32 MP: 7/17
  3757 | D:5      | Found Viaguik's Gadget Shop.
  3954 | D:5      | Reached skill level 7 in Conjurations
  3986 | D:5      | Slain by an ogre

Vault maps used:
D:1:      lightli_arrival_farm, st_stairs_3
D:2:      marbit_many_paths, tso_oasis_becter
D:3:      ashenzari_conservatory_becter, makhleb_blood_cavern_becter,
          yredelemnul_altar_generic, grunt_temple_overflow_open,
          ecumenical_altar_2, first_bread
D:4:      portal_sewer_entry_b, item_on_display_a, uniq_pikel, uniq_eustachio
D:5:      nicolae_overflow_hidden_temple, serial_shops,
          nicolae_shop_temple_entry_statues_fountains

Skill      XL: |  1  2  3  4  5  6 |
---------------+-------------------+-----
Spellcasting   | 4 5 6 |  6.0
Conjurations   | 5 6 7 |  7.4
Dodging        | |  2.4
Stealth        | |  2.4

Action                   |  1- 3 |  4- 6 || total
-------------------------+-------+-------++-------
Melee: Unarmed           |       |     5 ||     5
 Cast: Magic Dart        |    80 |   100 ||   180
       Dazzling Spray    |       |    12 ||    12
  Eat: Chunk             |     2 |     5 ||     7
       Beef jerky        |       |     1 ||     1
Armor: Robe              |     2 |    16 ||    18
Dodge: Dodged            |     5 |    35 ||    40
